 Dungeon Crawl Stone Soup version 0.24.0-125-gc4c63601f3 (webtiles) character file.

Game seed: 455647634704460485, levelgen mode: deterministic

210973 Amplified the Warrior (level 18, -56/168 HPs)
             Began as a Pale Draconian Conjurer on Mar 4, 2020.
             Was the Champion of Vehumet.
             Killed from afar by Arachne (67 damage)
             ... with a poison arrow
             ... on level 4 of the Spider Nest.
             The game lasted 02:31:00 (43328 turns).

Amplified the Warrior (Pale Draconian Conjurer)    Turns: 43328, Time: 02:31:01

Health: -56/168    AC: 13    Str: 13 (16) XL:     18   Next: 20%
Magic:  4/36       EV: 21    Int: 18 (21) God:    Vehumet [******]
Gold:   1009       SH:  9    Dex: 18      Spells: 4/46 levels left

rFire    + . .     SeeInvis +   H - staff of conjuration
rCold    + + .     Gourm    +   k - +3 buckler
rNeg     . . .     Faith    .   (armour unavailable)
rPois    .         Spirit   .   y - +0 hat
rElec    .         Reflect  .   a - scarf {rC+ rF+}
rCorr    .         Harm     .   B - +2 pair of gloves {Str+3}
MR       +....                  (no boots)
Stlth    ++........             i - amulet of the gourmand
HPRegen  0.38/turn              c - ring of Xonat {rC+ Dex+6 Slay+5}
MPRegen  0.25/turn              N - ring of see invisible

@: lethally poisoned (-56 -> -69)
A: breathe steam, unfitting armour, cold-blooded, AC +10
}: 1/15 runes: decaying
a: Breathe Steam, Renounce Religion


You were on level 4 of the Spider Nest.
You worshipped Vehumet.
Vehumet was exalted by your worship.
You were full.

You visited 7 branches of the dungeon, and saw 34 of its levels.
You also visited: Gauntlet.

You collected 2817 gold pieces.
You spent 1808 gold pieces at shops.

Inventory:

Hand Weapons
 U - the +7 trident "Umone" {pierce, rElec Str+2 Dex+3}
   (You found it on level 2 of the Lair of Beasts)

   It inflicts extra damage upon your enemies.
   It affects your strength (+2).
   It affects your dexterity (+3).
   It insulates you from electricity.
Missiles
 e - 4 curare-tipped darts
 h - 227 stones
 l - 120 poisoned darts (quivered)
 F - a silver javelin
Armour
 a - a scarf of resistance (worn)
 k - a +3 buckler (worn)
 y - a +0 hat (worn)
 B - a +2 pair of gloves of strength (worn)
Magical Staves
 H - an uncursed staff of conjuration (weapon)
Jewellery
 c - the ring of Xonat (left hand) {rC+ Dex+6 Slay+5}
   (You took it off a minotaur in a Gauntlet)

   [ring of protection from cold]

   It affects your dexterity (+6).
   It affects your accuracy and damage with ranged weapons and melee attacks
   (+5).
   It protects you from cold.
 i - an amulet of the gourmand (around neck)
 r - the ring "Zaunus" {rElec Dex+2}
   (You found it in a Gauntlet)

   [ring of dexterity]

   It affects your dexterity (+2).
   It insulates you from electricity.
 t - an uncursed ring of flight
 D - the ring of Zeuweud {+Inv rPois rN+ Dex+3}
   (You found it in a Gauntlet)

   [ring of positive energy]

   It affects your dexterity (+3).
   It protects you from poison.
   It protects you from negative energy.
   It lets you turn invisible.
 E - an uncursed ring of protection from cold
 K - the ring "Hemessat" {Fire -Tele rPois rN+ MR++}
   (You found it on level 8 of the Dungeon)

   [ring of fire]

   It enhances your fire magic.
   It protects you from fire.
   It makes you vulnerable to cold.
   It protects you from poison.
   It protects you from negative energy.
   It affects your resistance to hostile enchantments.
   It prevents most forms of teleportation.
 M - an uncursed ring of protection from fire
 N - a ring of see invisible (right hand)
 V - the ring of the Enemy {rPois rN++ MR+ MP-9 AC+3}
   (You found it on level 6 of the Lair of Beasts)

   [ring of protection]

   It affects your AC (+3).
   It protects you from poison.
   It greatly protects you from negative energy.
   It affects your resistance to hostile enchantments.
   It affects your magic capacity (-9).
Wands
 j - a wand of paralysis (19)
 o - a wand of digging (2)
 w - a wand of enslavement (6)
 x - a wand of random effects (34)
 C - a wand of flame (63)
 R - a wand of polymorph (20)
Scrolls
 d - 8 scrolls of teleportation
 g - 2 scrolls of fog
 n - 2 scrolls of amnesia
 q - 11 scrolls of identify
 v - 9 scrolls of enchant weapon
 A - 20 scrolls of remove curse
Potions
 m - 2 potions of curing
 p - 3 potions of flight
 u - 2 potions of ambrosia
 z - 3 potions of might
 O - 2 potions of invisibility
 Q - 2 potions of resistance
 T - 3 potions of mutation
 Y - 6 potions of cancellation
 Z - 3 potions of agility
Miscellaneous
 s - a lamp of fire
 L - a lightning rod (inert)
Comestibles
 b - 46 rations


   Skills:
 * Level 16.8 Fighting
 * Level 11.6 Dodging
 - Level 1.7 Stealth
 - Level 5.2 Shields
 * Level 14.6 Spellcasting
 - Level 12.1 Conjurations
 * Level 6.3 Charms
 - Level 13.8 Translocations
 - Level 7.1 Ice Magic
 * Level 11.0 Air Magic


You had 4 spell levels left.
You knew the following spells:

 Your Spells              Type           Power        Failure   Level  Hunger
a - Passwall              Tmut/Erth      ##......     8%          2    None
b - Deflect Missiles      Chrm/Air       #####.....   22%         6    #####..
c - Regeneration          Chrm/Necr      ###.......   4%          3    None
d - Force Lance           Conj/Tloc      ######..     1%          4    None
e - Poisonous Vapours     Pois/Air       ####..       1%          2    None
f - Mephitic Cloud        Conj/Pois/Air  ######..     1%          3    None
g - Sticky Flame          Conj/Fire      ######..     1%          4    None
h - Freezing Cloud        Conj/Ice/Air   ######....   3%          6    #####..
i - Bolt of Cold          Conj/Ice       ######....   4%          6    #####..
j - Iron Shot             Conj/Erth      ######....   17%         6    #####..

Your spell library contained the following spells:

 Spells                   Type           Power        Failure   Level  Hunger
 Chain Lightning          Conj/Air       ######....   54%         8    #######
 Lehudib's Crystal Spear  Conj/Erth      ######....   99%         8    #######
 Tornado                  Air            ######....   100%        9    #######
 Apportation              Tloc           ######       0%          1    None
 Infusion                 Chrm           ####         1%          1    None
 Magic Dart               Conj           ####         1%          1    None
 Sandblast                Erth           ##....       1%          1    None
 Shock                    Conj/Air       ####         1%          1    None
 Sting                    Conj/Pois      ####         1%          1    None
 Ensorcelled Hibernation  Hex/Ice        ####..       1%          2    None
 Searing Ray              Conj           ######       1%          2    None
 Shroud of Golubria       Chrm/Tloc      #####.       1%          2    None
 Song of Slaying          Chrm           #####...     1%          2    None
 Conjure Flame            Conj/Fire      ######..     1%          3    None
 Dazzling Spray           Conj/Hex       ######       1%          3    None
 Gell's Gravitas          Tloc           ######....   1%          3    None
 Lesser Beckoning         Tloc           ######....   1%          3    None
 Stone Arrow              Conj/Erth      ######       1%          3    None
 Fulminant Prism          Conj/Hex       ######....   1%          4    None
 Iskenderun's Mystic Bla  Conj           ######..     1%          4    None
 Confusing Touch          Hex            ##....       4%          1    None
 Corona                   Hex            ##.....      4%          1    None
 Summon Butterflies       Summ           ##......     4%          1    None
 Summon Small Mammal      Summ           ##..         4%          1    None
 Spectral Weapon          Hex/Chrm       ###.....     4%          3    None
 Summon Lightning Spire   Summ/Air       ####....     4%          4    None
 Call Imp                 Summ           ##......     8%          2    None
 Summon Ice Beast         Ice/Summ       ####....     11%         4    None
 Olgreb's Toxic Radiance  Pois           ##......     13%         4    None
 Call Canine Familiar     Summ           ##......     14%         3    None
 Confuse                  Hex            ##......     14%         3    None
 Summon Guardian Golem    Hex/Summ       ##......     14%         3    None
 Tukima's Dance           Hex            ##......     14%         3    None
 Cause Fear               Hex            ##........   43%         4    None
 Petrify                  Tmut/Erth      ##......     43%         4    None
 Irradiate                Conj/Tmut      ######....   3%          5    ####...
 Venom Bolt               Conj/Pois      ######....   3%          5    ####...
 Bolt of Magma            Conj/Fire/Erth #####.....   7%          5    ####...
 Orb of Destruction       Conj           ######....   8%          7    #######
 Silence                  Hex/Air        ####......   14%         5    ####...
 Metabolic Englaciation   Hex/Ice        ####......   30%         5    ####...
 Lee's Rapid Deconstruct  Erth           ##........   32%         5    ####...
 Yara's Violent Unravell  Hex/Tmut       ##........   32%         5    ####...
 Alistair's Intoxication  Tmut/Pois      ##......     80%         5    ####...
 Invisibility             Hex            ##......     100%        6    #####..
 Ring of Flames           Chrm/Fire      ###.......   100%        7    #######
 Discord                  Hex            ##........   100%        8    #######


Dungeon Overview and Level Annotations

Branches:
Dungeon (15/15)            Temple (1/1) D:7            Lair (6/6) D:8
  Swamp (4/4) Lair:4       Spider (4/4) Lair:3        Slime (0/5) Lair:6
    Orc (2/2) D:12            Elf (2/3) Orc:2        Vaults (0/5) D:14
 Depths (0/5) D:15        Gauntlet (visited)

Altars:
Ashenzari
Cheibriados
Dithmenos
Elyvilon
Fedhas
Gozag
Hepliaklqana
Kikubaaqudgha
Makhleb
Nemelex Xobeh
Okawaru
Qazlal
Ru
Sif Muna
Trog
Uskayaw
Vehumet
Wu Jian
Xom
Yredelemnul
Zin
The Shining One
Beogh
Jiyva

Shops:
D:4 [   D:13 [}::   D:15 :   Orc:2 :}=(   Elf:1 [

Annotations:
D:11 Guess I'll just win then
D:13 Winner's book, mix up with Vehumet's free Galore.
Temple Hard Reality Hits Draconian
Lair:6 1 runed translucent door
Swamp:2 Roxanne
Spider:3 Aizul
Spider:4 Arachne, Mara
Elf:1 Get 2 runes. Get winner's spells rolling with priority.


Innate Abilities, Weirdness & Mutations

You can breathe blasts of scalding, opaque steam.
Your pale cyan-grey scales are hard. (AC +10)
You cannot fit into any form of body armour.
You are cold-blooded and may be slowed by cold attacks.


Message History

Okay, then.
Casting: Force Lance (safe; 1% risk of failure)
Confirm with . or Enter, or press ? or * to list all spells.
Aiming: Force Lance (safe; 1% risk of failure)
Press: ? - help, Shift-Dir - straight line, f - emperor scorpion
Aim: an emperor scorpion (severely wounded)
You feel a surge of power!
The lance of force hits the emperor scorpion!
The emperor scorpion is almost dead.
The emperor scorpion is knocked back by the lance of force.
The emperor scorpion collides with Arachne!
Arachne casts a spell.
Arachne blinks!
Arachne points her staff at you, shooting a stream of webbing.
The stream of webbing misses you.
Unknown command.
Arachne casts a spell at you. The poison arrow hits you!!!
You are lethally poisoned!
You die...

^###....^.#.^##..#.^#.......#....
..##.........#..%#..............#
..##........##..........##....^##
.####...#.###....^#.......^#.....
..# ##..##..##...###.......##.#..
.####........##.^# ##.##..#####..
..#.^..#.....#######.......#####.
....#....#^..(###^§§.....#..#..##
....##..####...#@..○.....##....^#
.........^.#....#.^.##^###.....).
.....#.....##...s#..#### #...#...
#..###...^#...H.#..^# ##.##...
#..#.....^........§.# #####^.
^....#............### #^.
..^#....^..<.....## #..
.......#.......### ##.
..#....#...##..# #.


You could see Arachne.

Vanquished Creatures
  Nikola (Spider:2)
  Jorgrun (Spider:2)
  Rupert (D:14)
  Frances (D:12)
  Louise (Swamp:1)
  2 orc warlords (Orc:1)
  3 ghost moths (Spider:4)
  A war gargoyle (D:13)
  A stone giant (Orc:1)
  5 entropy weavers
  2 very ugly things
  The ghost of Anidiboi the Sharpshooter, a journeyman KoHu of Okawaru (Swamp:1)
  A minotaur (Gauntlet)
  3 spark wasps (Spider:4)
  2 green deaths (Swamp:4)
  Harold (D:7)
  A catoblepas (Lair:6)
  15 hydras
  5 centaur warriors
  8 two-headed ogres
  12 alligators
  A death knight (D:13)
  2 shambling mangroves
  3 ghost crabs (Lair:4)
  A hell hog (Gauntlet)
  9 death yaks (Lair:6)
  3 dancing weapons
  3 tengu warriors
  An ogre mage (Orc:1)
  2 orc high priests
  A deep troll shaman (Lair:6)
  An iron troll (D:14)
  Nergalle (Lair:4)
  6 fire crabs (Lair:4)
  A deep elf knight (Elf:1)
  4 swamp dragons
  2 unseen horrors
  A lindwurm (Lair:6)
  2 deep elf archers
  A spriggan druid (Swamp:1)
  A phantasmal warrior (D:14)
  Pikel (D:4)
  9 orc knights
  14 wolf spiders
  A wizard (D:15)
  2 orc sorcerers (Orc:2)
  11 orb spiders
  A manticore (shapeshifter) (D:15)
  14 deep elf magi
  A salamander (D:15)
  4 manticores
  27 ugly things
  2 moths of wrath (Spider:4)
  5 cyclopes
  5 elephants
  3 orange demons (Swamp:4)
  15 spiny frogs
  6 black mambas
  10 gargoyles
  An apocalypse crab (Lair:4)
  Joseph (D:7)
  3 torpor snails
  9 demonic crawlers
  3 kobold demonologists
  An efreet (D:14)
  A freezing wraith (D:13)
  2 komodo dragons
  A merfolk (D:13)
  22 jumping spiders
  A polar bear (Lair:5)
  14 trolls
  A queen bee (D:9)
  9 tyrant leeches
  16 hornets
  Prince Ribbit (D:7)
  Grinder (D:4)
  7 bog bodies
  7 hippogriffs
  13 blink frogs
  23 slime creatures
  3 meliai zombies
  3 shadows
  3 spriggans
  5 wraiths
  42 redbacks
  A centaur simulacrum (D:15)
  13 tarantellas
  66 yaks
  A vampire (D:13)
  A wyvern (D:15)
  Eustachio (D:6)
  A human (D:13)
  3 fire bats (Gauntlet)
  2 hungry ghosts
  5 basilisks
  A basilisk (shapeshifter) (D:15)
  A steam dragon (D:10)
  21 vampire mosquitoes
  11 wargs
  Menkaure (D:4)
  2 acid dragons
  2 nagas (shapeshifter)
  13 swamp worms
  2 soldier ants (D:15)
  3 insubstantial wisps (Swamp:3)
  2 hell hounds (Gauntlet)
  7 water moccasins
  3 large abominations (Swamp:4)
  7 swamp drakes
  17 porcupines
  4 ice beasts
  2 black bears
  A hornet zombie (D:15)
  68 orc warriors
  4 sky beasts
  2 slaves (D:4)
  4 necrophages
  2 phantoms
  7 ogres
  4 wolves
  17 centaurs
  2 eyes of draining
  14 crocodiles
  8 big kobolds
  14 bullfrogs
  A gnoll sergeant (D:10)
  A wyvern zombie (D:6)
  A hornet simulacrum (D:14)
  A wyvern skeleton (D:14)
  8 scorpions
  33 killer bees
  10 wights
  4 howler monkeys
  7 crimson imps
  2 jellies
  2 centaur zombies
  7 hounds
  23 orc wizards
  30 orc priests
  2 bullfrog skeletons
  7 centaur skeletons
  Jessica (D:2)
  13 worker ants
  9 iguanas
  A killer bee zombie (D:8)
  A hound skeleton (D:6)
  A howler monkey zombie (D:6)
  A worker ant zombie (D:4)
  6 gnolls
  A howler monkey skeleton (D:10)
  8 adders
  2 shadow imps
  2 oozes
  2 adder skeletons (D:4)
  An adder zombie (D:9)
  4 worms
  2 dart slugs
  4 leopard geckos
  125 orcs
  10 giant cockroaches
  2 goblins (D:1)
  11 hobgoblins
  11 jackals
  A quokka (D:11)
  A ball python (D:6)
  2 bats
  7 frilled lizards
  47 kobolds
  2 quokka skeletons
  8 rats
  2 fungi (Lair:6)
1205 creatures vanquished.

Vanquished Creatures (collateral kills)
  2 two-headed ogres (Orc:1)
  An orc sorcerer (Orc:1)
  An ogre (Orc:1)
  2 orc priests (Orc:1)
  2 orc wizards (Orc:1)
  2 orcs (Orc:1)
10 creatures vanquished.

Vanquished Creatures (others)
  A spiny frog (Swamp:1)
  2 jumping spiders (Spider:4)
  A bullfrog skeleton (D:6)
  8 fungi (Lair:6)
  13 plants
25 creatures vanquished.

Grand Total: 1240 creatures vanquished

Notes
Turn   | Place    | Note
-------+----------+-------------------------------------------
     0 | D:1      | Amplified the Draconian Conjurer began the quest for the
                  | Orb.
     0 | D:1      | Reached XP level 1. HP: 14/14 MP: 3/3
   192 | D:1      | Reached XP level 2. HP: 8/22 MP: 0/5
   439 | D:1      | Reached skill level 1 in Fighting
   793 | D:1      | Reached XP level 3. HP: 28/28 MP: 6/6
   990 | D:2      | Learned a level 2 spell: Searing Ray
  1209 | D:2      | Noticed Jessica
  1496 | D:2      | Reached skill level 2 in Fighting
  1651 | D:2      | Reached XP level 4. HP: 13/36 MP: 0/8
  1890 | D:2      | Found a hide-covered altar of Uskayaw.
  2191 | D:2      | Killed Jessica
  2834 | D:3      | Noticed a big kobold
  2847 | D:3      | Killed a big kobold
  2847 | D:3      | Reached skill level 3 in Fighting
  2847 | D:3      | Reached XP level 5. HP: 38/45 MP: 8/10
  3703 | D:4      | Noticed Menkaure
  3818 | D:3      | Reached skill level 1 in Shields
  3825 | D:3      | Reached XP level 6. HP: 39/51 MP: 11/11
  4456 | D:3      | Reached skill level 4 in Fighting
  4706 | D:3      | Your scales start taking on a pale cyan-grey colour.
  4706 | D:3      | Reached XP level 7. HP: 18/60 MP: 13/13
  4720 | D:3      | Reached skill level 5 in Fighting
  5102 | D:4      | Killed Menkaure
  5102 | D:4      | Reached skill level 5 in Spellcasting
  5540 | D:4      | Noticed Pikel
  5564 | D:4      | Killed Pikel
  5564 | D:4      | Reached skill level 6 in Fighting
  5564 | D:4      | Reached XP level 8. HP: 39/70 MP: 14/16
  5684 | D:4      | Found Wasseg's Antique Armour Shop.
  5720 | D:4      | Bought a pair of gloves for 121 gold pieces
  5766 | D:4      | Noticed Grinder
  5774 | D:4      | Paralysed by Grinder for 7 turns
  5777 | D:4      | Killed Grinder
  5777 | D:4      | Reached skill level 5 in Shields
  5883 | D:5      | Entered Level 5 of the Dungeon
  5901 | D:5      | Learned a level 3 spell: Dazzling Spray
  6115 | D:5      | Found a bloodstained altar of Trog.
  6120 | D:5      | Found a sacrificial altar of Ru.
  6186 | D:5      | Reached skill level 1 in Translocations
  6266 | D:5      | Reached XP level 9. HP: 59/78 MP: 18/18
  6655 | D:6      | Found a radiant altar of Vehumet.
  6682 | D:6      | Reached skill level 7 in Fighting
  6827 | D:6      | Noticed Eustachio
  6836 | D:6      | Killed Eustachio
  6879 | D:6      | Learned a level 4 spell: Force Lance
  7134 | D:6      | Reached skill level 5 in Conjurations
  7331 | D:6      | Found a snail-covered altar of Cheibriados.
  7556 | D:7      | Noticed Prince Ribbit
  7567 | D:7      | Noticed Joseph
  7575 | D:7      | Killed Prince Ribbit
  7589 | D:7      | Killed Joseph
  7589 | D:7      | Reached skill level 8 in Fighting
  7589 | D:7      | Reached skill level 5 in Translocations
  7663 | D:7      | Found a staircase to the Ecumenical Temple.
  7673 | Temple   | Entered the Ecumenical Temple
  7851 | D:6      | Became a worshipper of Vehumet
  7996 | D:7      | Noticed Harold
  8653 | D:7      | Killed Harold
  8653 | D:7      | Reached XP level 10. HP: 66/90 MP: 6/21
  9376 | D:8      | Reached skill level 9 in Fighting
  9492 | D:8      | Found a staircase to the Lair.
  9501 | D:8      | Reached * piety under Vehumet
  9501 | D:8      | Offered knowledge of Shock by Vehumet.
  9574 | D:8      | You fall into a shaft and drop 3 floors!
  9657 | D:11     | Noticed a purple ugly thing
  9679 | D:11     | Killed a purple ugly thing
  9702 | D:11     | Learned a level 2 spell: Poisonous Vapours
  9824 | D:11     | Found a gate leading to a gauntlet.
  9830 | Gauntlet | Entered a Gauntlet
  9830 | Gauntlet | Found a transporter.
  9830 | Gauntlet | Found a transporter.
  9835 | Gauntlet | Found a transporter.
  9850 | Gauntlet | Found a transporter.
  9872 | Gauntlet | Found a transporter.
  9879 | Gauntlet | Found a transporter.
  9894 | Gauntlet | Noticed a blizzard demon
  9895 | Gauntlet | Found a transporter.
  9959 | Gauntlet | Noticed a moth of wrath
  9961 | Gauntlet | Found a transporter.
  9976 | Gauntlet | Found a transporter.
  9978 | Gauntlet | Found a large runed translucent door.
  9978 | Gauntlet | Found a large runed translucent door.
  9979 | Gauntlet | Found a large runed translucent door.
  9979 | Gauntlet | Found a large runed translucent door.
  9980 | Gauntlet | Found a large runed translucent door.
  9980 | Gauntlet | Found a runed translucent door.
  9980 | Gauntlet | Found a large runed translucent door.
  9980 | Gauntlet | Found a runed translucent door.
  9980 | Gauntlet | Found a large runed translucent door.
  9980 | Gauntlet | Found a large runed translucent door.
  9981 | Gauntlet | Found a large runed translucent door.
  9981 | Gauntlet | Found a large runed translucent door.
  9984 | Gauntlet | Found a large runed translucent door.
  9984 | Gauntlet | Found a large runed translucent door.
  9986 | Gauntlet | Found a large runed translucent door.
  9986 | Gauntlet | Found a large runed translucent door.
  9986 | Gauntlet | Found a large runed translucent door.
  9988 | Gauntlet | Found a runed translucent gate.
  9988 | Gauntlet | Found a runed translucent gate.
  9988 | Gauntlet | Found a runed translucent gate.
  9989 | Gauntlet | Noticed a large abomination
  9990 | Gauntlet | Found a transporter.
 10001 | Gauntlet | Found a large runed translucent door.
 10003 | Gauntlet | Found a transporter.
 10011 | Gauntlet | Noticed a great orb of eyes
 10013 | Gauntlet | Noticed a purple ugly thing
 10092 | Gauntlet | Found a transporter.
 10101 | Gauntlet | Noticed a moth of wrath
 10102 | Gauntlet | Found a transporter.
 10105 | Gauntlet | Noticed a hell hog
 10109 | Gauntlet | Found a transporter.
 10110 | Gauntlet | Found a transporter.
 10142 | Gauntlet | Found a transporter.
 10174 | Gauntlet | Learned a level 3 spell: Mephitic Cloud
 10222 | Gauntlet | Got a flickering ivory ring
 10223 | Gauntlet | Identified the ring of Zeuweud {+Inv rPois rN+ Dex+3} (You
                  | found it in a Gauntlet)
 10319 | Gauntlet | Got a translucent tin ring
 10337 | Gauntlet | Reached XP level 11. HP: 56/99 MP: 8/23
 10343 | Gauntlet | Killed a hell hog
 10359 | Gauntlet | Identified the ring "Zaunus" {rElec Dex+2} (You found it in
                  | a Gauntlet)
 10686 | Gauntlet | Identified the +4 arbalest "Cyngacwe" {penet, rC+}
 10686 | Gauntlet | Identified the ring of Xonat {rC+ Dex+6 Slay+5}
 10686 | Gauntlet | Noticed a minotaur
 10875 | Gauntlet | Killed a minotaur
 10875 | Gauntlet | Reached skill level 10 in Fighting
 10896 | Gauntlet | Got a twisted fustibalus
 10945 | Gauntlet | Identified the cursed +0 fustibalus "Gacla" {velocity, rC-
                  | MP+9 Str+8 Int-4} (You found it in a Gauntlet)
 11129 | D:11     | Noticed a two-headed ogre
 11136 | D:11     | Killed a two-headed ogre
 11145 | D:11     | Offered knowledge of Sandblast by Vehumet.
 11314 | D:10     | Entered Level 10 of the Dungeon
 11352 | D:10     | Reached ** piety under Vehumet
 11352 | D:10     | Reached skill level 10 in Translocations
 11663 | D:10     | Noticed a two-headed ogre
 11664 | D:10     | Noticed a two-headed ogre
 12011 | D:9      | Offered knowledge of Stone Arrow by Vehumet.
 12098 | D:9      | Identified the cursed +1 falchion of Rica {slice, rN+
                  | Dex+2} (You found it on level 9 of the Dungeon)
 12153 | D:9      | Reached *** piety under Vehumet
 12174 | D:9      | Offered knowledge of Ignite Poison by Vehumet.
 12626 | D:9      | Reached **** piety under Vehumet
 12851 | D:8      | Offered knowledge of Lightning Bolt by Vehumet.
 12868 | D:8      | Reached skill level 11 in Fighting
 12943 | D:8      | Killed an unseen horror
 12943 | D:8      | Reached XP level 12. HP: 80/110 MP: 12/25
 13025 | D:8      | Noticed a tengu warrior
 13029 | D:8      | Killed a tengu warrior
 13114 | D:8      | Noticed an orc high priest
 13121 | D:8      | Killed an orc high priest
 13122 | D:8      | Got a twitching lead ring
 13126 | D:8      | Identified the ring "Hemessat" {Fire -Tele rPois rN+ MR++}
                  | (You found it on level 8 of the Dungeon)
 13547 | D:10     | Reached skill level 10 in Spellcasting
 13611 | D:10     | Killed a two-headed ogre
 13623 | D:10     | Killed a two-headed ogre
 13672 | D:10     | Reached ***** piety under Vehumet
 13891 | D:11     | Offered knowledge of Sticky Flame by Vehumet.
 14028 | D:11     | Learned a level 4 spell: Sticky Flame
 14307 | D:12     | Reached skill level 10 in Conjurations
 14334 | D:12     | You fall into a shaft and drop 1 floor!
 14334 | D:13     | Found Pifau's Book Emporium.
 14574 | D:12     | Noticed a two-headed ogre
 14579 | D:12     | Killed a two-headed ogre
 14583 | D:12     | Noticed Frances
 14733 | Lair:1   | Entered Level 1 of the Lair of Beasts
 14758 | Lair:1   | Reached skill level 12 in Fighting
 15135 | Lair:1   | Reached XP level 13. HP: 50/118 MP: 25/27
 16023 | Lair:2   | Offered knowledge of Bolt of Draining by Vehumet.
 16279 | Lair:2   | Got a faintly glowing trident
 17009 | Lair:3   | Reached skill level 5 in Dodging
 17300 | Lair:3   | Found a hole to the Spider Nest.
 17533 | Lair:4   | Found a staircase to the Swamp.
 18006 | Lair:4   | Noticed Nergalle
 18026 | Lair:4   | Killed Nergalle
 18056 | Lair:4   | Found an ornate altar of the Wu Jian Council.
 18254 | Lair:4   | Found a runed translucent door.
 18533 | Lair:4   | Noticed an entropy weaver
 18751 | Lair:5   | Reached skill level 13 in Fighting
 18935 | Lair:5   | Identified the +7 trident "Umone" {pierce, rElec Str+2
                  | Dex+3} (You found it on level 2 of the Lair of Beasts)
 19157 | Lair:6   | Entered Level 6 of the Lair of Beasts
 19403 | Lair:6   | Found a runed translucent door.
 19431 | Lair:6   | Found a viscous altar of Jiyva.
 19431 | Lair:6   | Noticed an acid blob
 19432 | Lair:6   | Found a staircase to the Slime Pits.
 19432 | Lair:6   | Noticed an acid blob
 19432 | Lair:6   | Noticed an acid blob
 19675 | Lair:6   | Reached XP level 14. HP: 98/129 MP: 0/29
 20815 | Lair:6   | Offered knowledge of Ozocubu's Refrigeration by Vehumet.
 21114 | Lair:6   | Got a shimmering platinum ring
 21115 | Lair:6   | Identified the ring of the Enemy {rPois rN++ MR+ MP-9 AC+3}
                  | (You found it on level 6 of the Lair of Beasts)
 21434 | D:12     | Found a staircase to the Orcish Mines.
 21517 | D:12     | Killed Frances
 21795 | Orc:1    | Entered Level 1 of the Orcish Mines
 22129 | D:12     | Learned a level 6 spell: Freezing Cloud
 22280 | D:13     | Found Satsiv's Book Boutique.
 22288 | D:13     | Found Ruc Xestroi's Gadget Shoppe.
 22292 | D:13     | Found Qaury's Antique Armour Emporium.
 22467 | D:13     | Reached skill level 1 in Ice Magic
 22467 | D:13     | Reached skill level 1 in Air Magic
 22685 | D:13     | Offered knowledge of Bolt of Fire by Vehumet.
 22811 | D:13     | Reached skill level 14 in Fighting
 23198 | D:13     | Noticed a war gargoyle
 23214 | D:13     | Killed a war gargoyle
 23747 | D:14     | Reached XP level 15. HP: 137/138 MP: 27/31
 23997 | D:14     | Noticed Rupert
 24009 | D:14     | Paralysed by Rupert for 5 turns
 24014 | D:14     | Killed Rupert
 24820 | D:14     | Found a gate to the Vaults.
 24913 | D:15     | Entered Level 15 of the Dungeon
 25410 | D:15     | Found Poehud's Book Emporium.
 25728 | D:15     | Reached skill level 5 in Air Magic
 25736 | D:15     | Offered knowledge of Bolt of Cold by Vehumet.
 25745 | D:15     | Learned a level 6 spell: Bolt of Cold
 26220 | D:15     | Found a staircase to the Depths.
 26292 | D:15     | Reached skill level 5 in Ice Magic
 26958 | D:15     | Found a glowing silver altar of Zin.
 27271 | Swamp:1  | Entered Level 1 of the Swamp
 28072 | Spider:1 | Entered Level 1 of the Spider Nest
 28127 | Spider:1 | Offered knowledge of Conjure Ball Lightning by Vehumet.
 28289 | Spider:1 | Reached skill level 15 in Fighting
 28456 | Spider:1 | Reached XP level 16. HP: 87/149 MP: 20/33
 29158 | Spider:2 | Noticed Jorgrun
 29165 | Spider:2 | Killed Jorgrun
 30350 | Spider:2 | Noticed Nikola
 30365 | Spider:2 | Killed Nikola
 30487 | Spider:3 | Noticed Arachne
 30655 | Swamp:1  | Found a runed translucent door.
 30658 | Swamp:1  | Noticed Anidiboi's ghost (journeyman KoHu)
 30906 | Swamp:1  | Noticed Louise
 30927 | Swamp:1  | Killed Louise
 31393 | Swamp:2  | Identified Roxanne's Disquisition on Transformation
 31393 | Swamp:2  | Noticed Roxanne
 32230 | Swamp:2  | Learned a level 5 spell: Lee's Rapid Deconstruction
 32453 | D:13     | Learned a level 2 spell: Passwall
 32481 | D:13     | Bought a book of Enchantments for 750 gold pieces
 32488 | D:13     | Learned a level 6 spell: Deflect Missiles
 32542 | D:13     | Bought a book of Battle for 720 gold pieces
 32546 | D:13     | Learned a level 3 spell: Regeneration
 32656 | Orc:1    | Offered knowledge of Iron Shot by Vehumet.
 32679 | Orc:1    | Reached skill level 10 in Dodging
 32945 | Orc:1    | Reached skill level 1 in Charms
 33504 | Orc:2    | Entered Level 2 of the Orcish Mines
 33606 | Orc:2    | Learned a level 6 spell: Iron Shot
 33759 | Orc:2    | Found Nohuxt's Gadget Shoppe.
 33759 | Orc:2    | Found Boag's Book Shop.
 34168 | Orc:2    | Found a staircase to the Elven Halls.
 34250 | Orc:2    | Reached ****** piety under Vehumet
 34335 | Orc:2    | Offered knowledge of Lehudib's Crystal Spear by Vehumet.
 34335 | Orc:2    | Offered knowledge of Chain Lightning by Vehumet.
 34335 | Orc:2    | Offered knowledge of Tornado by Vehumet.
 34493 | Orc:2    | Found a roughly hewn altar of Beogh.
 34509 | Orc:2    | Found Yvakojas's Antique Weapon Shoppe.
 34509 | Orc:2    | Found Cusen's Jewellery Shop.
 35076 | Elf:1    | Entered Level 1 of the Elven Halls
 35525 | Elf:1    | Reached XP level 17. HP: 158/158 MP: 18/34
 35537 | Elf:1    | Found Zeyd's Antique Armour Shop.
 35542 | Elf:1    | Bought a pair of runed gloves for 217 gold pieces
 35965 | Swamp:1  | Killed Anidiboi's ghost
 36436 | Swamp:3  | Reached skill level 16 in Fighting
 36736 | Swamp:4  | Entered Level 4 of the Swamp
 37773 | Swamp:3  | Identified a scroll of acquirement
 37773 | Swamp:3  | Identified the Catalogue of Combat Magic (You acquired it
                  | on level 3 of the Swamp)
 38832 | Swamp:4  | Noticed a tentacled monstrosity
 38956 | Swamp:4  | Reached skill level 10 in Air Magic
 39127 | Swamp:4  | Reached skill level 5 in Charms
 39198 | Swamp:4  | Got a decaying rune of Zot
 40075 | Lair:4   | Identified the +1 glaive "Demonslayer" {antimagic, +Fly
                  | Str+4 Int+4 Dex+4} (You found it on level 4 of the Lair of
                  | Beasts)
 40255 | Spider:3 | Noticed Aizul
 40296 | Spider:2 | You fall into a shaft and drop 1 floor!
 40300 | Spider:4 | Entered Level 4 of the Spider Nest
 40828 | Spider:4 | Noticed Mara
 41396 | Spider:4 | Reached XP level 18. HP: 144/168 MP: 24/36
 43323 | Spider:4 | HP: 8/168 [Arachne/uncursed staff of poison (28)]
 43328 | Spider:4 | Killed from afar by Arachne

Levels and vault maps discovered:
D:1:      matt_arrival_los_fun, layout_rooms, serial_bayou_pond_e,
          glass_columns_c, kennysheep_decorative_pillar
D:2:      layout_basic, marbit_many_paths, minivault_5, uniq_jessica
D:3:      minmay_goblin_kobold_castle, layout_basic
D:4:      layout_gridville, serial_shops, nicolae_shop_waterfront, uniq_grinder,
          uniq_pikel, uniq_menkaure
D:5:      layout_loops_ring, minitemple, first_ration, minmay_manual_monstrance
D:6:      layout_rooms, fiery_altar_vehumet, minmay_misc_feat_x,
          grunt_ministairs_10, nrook_mini_vaults, kennysheep_slug_shrine,
          uniq_eustachio
D:7:      layout_loops_corners, minmay_temple_entry_statues,
          uniq_prince_ribbit1, uniq_harold, uniq_joseph
D:8:      wad_woods_tower, layout_loops_ring, erik_lair_orcish_takeover,
          minmay_evil_grid
D:9:      layout_roguey [special_room_bee]
D:10:     layout_rooms
D:11:     layout_basic, gauntlet_entry_generic
D:12:     layout_roguey, david_orc_3, uniq_frances
D:13:     gargoyle_guard, layout_rooms, serial_shops, shop,
          nicolae_shop_waterfront, nicolae_shop_stone, shop_fountains,
          hangedman_stone_soup, hangedman_abyss_or_decor_stabs
D:14:     layout_loops_ring, david_vaults_4, chequers_decorated_corner,
          uniq_rupert
D:15:     hangedman_depths_entry_try_elsewhere_first, layout_loops_corners,
          serial_shops, shop, zin_angel
Temple:   compressed_dpeg_circular_temple
Lair:1:   layout_gridlike
Lair:2:   layout_loops_ring, beast_lair_carwin_11, grunt_megastairs_2,
          serial_bayou_shore_b
Lair:3:   layout_small_grid, spider_nest_entry_a, small_statue_intersection,
          serial_bayou_pond_c, serial_bayou_ford_a, grunt_megastairs_5,
          serial_bayou_shore_b
Lair:4:   gammafunk_mikee_crab_dinner, layout_gridlike,
          minmay_swamp_entry_reptiles, basic_altar, minmay_stone_trees_medium,
          small_statue_intersection, beast_lair_carwin_4, uniq_nergalle
Lair:5:   layout_regular_city, grunt_megastairs_3
Lair:6:   grunt_lair_end_beastmaster, layout_loops_ring, slime_altar_2
Swamp:1:  layout_basic_swamp, ebering_ghost_inner_flame,
          evilmike_swamp_ruin_wall, uniq_louise
Swamp:2:  layout_basic_swamp, nicolae_swamp_dense_foliage, uniq_roxanne
Swamp:3:  layout_falls_marsh, evilmike_swamp_ruin_house_2, swamp_pool1
Swamp:4:  swamp_vile, layout_basic_swamp, roderic_carrion_pond
Spider:1: layout_spider_delve
Spider:2: layout_spider_delve, hangedman_spider_tarantella_strand, uniq_nikola,
          uniq_jorgrun
Spider:3: layout_spider_delve, uniq_arachne, uniq_aizul
Spider:4: johnstein_spider_rune_arachne_lair, uniq_mara
Orc:1:    layout_caves, special_room [special_room_orc]
Orc:2:    st_orc_town, layout_caves
Elf:1:    eino_elf_arrival_customs, layout_loops_corners, serial_shops,
          nicolae_shop_competitors_out_of_business, minmay_elf_crystal_hexagon,
          minmay_misc_feat_cross
Elf:2:    layout_geoelf_grid

Skill      XL: |  1  2  3  4  5  6  7  8  9 10 11 12 13 14 15 16 17 18 |
---------------+-------------------------------------------------------+-----
Dodging        | 2 3 4 6 7 9 10 11 | 11.6
Fighting       | 1 2 3 4 6 8 9 11 12 13 14 15 16 | 16.8
Spellcasting   | 3 4 5 6 7 8 9 10 11 12 13 14 | 14.6
Shields        | 1 2 4 5 |  5.2
Translocations | 1 6 9 11 12 13 | 13.8
Conjurations   | 6 7 9 10 11 12 | 12.1
Ice Magic      | 2 5 7 |  7.1
Air Magic      | 3 6 8 10 11 | 11.0
Charms         | 3 5 6 |  6.3
Stealth        | |  1.7

Action                   |  1- 3 |  4- 6 |  7- 9 | 10-12 | 13-15 | 16-18 || total
-------------------------+-------+-------+-------+-------+-------+-------++-------
Melee: Unarmed           |    40 |       |       |       |       |       ||    40
       Spear             |    68 |    11 |       |       |       |       ||    79
       Tailslap          |     6 |    29 |    47 |    80 |   110 |    87 ||   359
       Dagger            |       |   242 |   400 |   286 |       |       ||   928
       Whip              |       |    12 |       |       |       |       ||    12
       Lajatang          |       |       |    20 |       |       |       ||    20
       Staff             |       |       |       |   262 |   528 |   333 ||  1123
       Trident           |       |       |       |       |       |    35 ||    35
Throw: Dart              |       |       |     3 |     3 |       |    11 ||    17
       Throwing net      |       |       |     2 |       |     2 |       ||     4
       Javelin           |       |       |       |     6 |    18 |       ||    24
       Stone             |       |       |       |       |     3 |    11 ||    14
 Cast: Magic Dart        |    46 |     2 |       |       |     2 |       ||    50
       Searing Ray       |     2 |     1 |       |       |       |       ||     3
       Force Lance       |       |       |    11 |   131 |   508 |   551 ||  1201
       Dazzling Spray    |       |       |     2 |       |       |       ||     2
       Mephitic Cloud    |       |       |       |     4 |     1 |       ||     5
       Poisonous Vapours |       |       |       |     4 |       |     8 ||    12
       Sticky Flame      |       |       |       |       |     5 |    11 ||    16
       Bolt of Cold      |       |       |       |       |     4 |    15 ||    19
       Freezing Cloud    |       |       |       |       |     1 |    15 ||    16
       Regeneration      |       |       |       |       |       |     9 ||     9
       Lee's Rapid Decon |       |       |       |       |       |     4 ||     4
       Passwall          |       |       |       |       |       |     3 ||     3
       Deflect Missiles  |       |       |       |       |       |     3 ||     3
       Iron Shot         |       |       |       |       |       |    28 ||    28
 Abil: Breathe Steam     |       |       |    21 |    59 |   168 |   208 ||   456
       Evoke Invisibilit |       |       |       |     1 |       |       ||     1
Evoke: Wand              |       |       |       |    17 |    51 |    51 ||   119
       Lamp of fire      |       |       |       |       |     4 |     5 ||     9
       Lightning rod     |       |       |       |       |     3 |    15 ||    18
  Use: Scroll            |     3 |     4 |    11 |    16 |    19 |    24 ||    77
       Potion            |     3 |     3 |     2 |     7 |     4 |    28 ||    47
 Stab: Sleeping          |     4 |     3 |     1 |     8 |     2 |       ||    18
       Invisible         |       |       |     2 |       |       |       ||     2
       Paralysed         |       |       |       |    20 |    24 |    17 ||    61
       Confused          |       |       |       |       |     1 |     6 ||     7
       Distracted        |       |       |       |       |     1 |     1 ||     2
  Eat: Chunk             |     1 |     5 |    24 |    41 |    65 |    69 ||   205
       Ration            |     1 |     1 |     1 |       |       |     6 ||     9
Armor: Skin              |    43 |    67 |   112 |   289 |   169 |   222 ||   902
Dodge: Dodged            |    78 |   147 |   215 |   345 |   602 |   878 ||  2265
       Deflected         |       |       |       |       |       |    11 ||    11
Block: Buckler           |       |    44 |   154 |   322 |   406 |   552 ||  1478
